 Dungeon Crawl Stone Soup version 0.28-a0-664-gc179e30c89 (webtiles) character file.

Game seed: 302716132282848069

1250 timneilson the Shield-Bearer (level 8, -2/48 HPs)
             Began as a Gargoyle Fighter on Oct 17, 2021.
             Splashed by a jelly's acid (3 damage)
             ... on level 6 of the Dungeon.
             The game lasted 00:11:24 (4834 turns).

timneilson the Shield-Bearer (Gargoyle Fighter)     Turns: 4834, Time: 00:11:25

Health: -2/48      AC: 20    Str: 22    XL:     8   Next: 50%
Magic:  8/8        EV:  7    Int:  9    God:
Gold:   290        SH:  9    Dex:  9    Spells: 7/7 levels left

rFire   . . .      SeeInvis .   j - +0 scimitar
rCold   . . .      Faith    .   h - +0 kite shield
rNeg    + . .      Spirit   .   r - +0 chain mail
rPois   ∞          Reflect  .   l - +0 helmet
rElec   +          Harm     .   p - +0 cloak
rCorr   +          Rampage  .   (no gloves)
Will    .....                   f - +1 pair of boots
Stlth   ..........              (no amulet)
HPRegen 0.16/turn               i - ring of resist corrosion
MPRegen 0.11/turn               (no ring)

@: no status effects
A: sickness immunity, AC +5, negative energy resistance 1, electricity
resistance, torment resistance 1, petrification resistance
a: no special abilities


You were on level 6 of the Dungeon.
You visited 1 branch of the dungeon, and saw 6 of its levels.

You collected 344 gold pieces.
You spent 54 gold pieces at shops.

Inventory:

Hand Weapons
 a - a +0 long sword
 j - a +0 scimitar (weapon)
Armour
 f - a +1 pair of boots (worn)
 h - a +0 kite shield (worn)
 l - a +0 helmet (worn)
 m - a +0 crystal plate armour
 n - a +0 plate armour
 p - a +0 cloak (worn)
 r - a +0 chain mail (worn)
Jewellery
 i - a ring of resist corrosion (left hand)
Wands
 s - a wand of iceblast (7)
Scrolls
 c - a scroll of holy word
 g - 6 scrolls of teleportation
 o - a scroll of magic mapping
Potions
 b - a potion of degeneration {unknown}
 d - a potion of might
 e - 6 potions of curing
 q - a potion of cancellation


   Skills:
 + Level 4.9 Fighting
 * Level 4.8 Long Blades
 * Level 6.1 Armour
 + Level 2.3 Dodging
 * Level 6.3 Shields
 + Level 1.9 Evocations


You had 7 spell levels left.
You didn't know any spells.
Your spell library contained the following spells:

 Spells                   Type           Power      Damage    Failure   Level
 Frozen Ramparts          Ice            0%         1d2       100%        3
 Ice Form                 Ice/Tmut       0%         N/A       100%        4
 Summon Ice Beast         Ice/Summ       0%         N/A       100%        4


Dungeon Overview and Level Annotations

Branches:
Dungeon (6/15)             Temple (0/1) D:6

Altars:
Zin
The Shining One

Shops:
D:1 [

Annotations:
D:4 3 runed translucent doors, AttackTheMoon's ghost, weakling HuDe; AttackTheMoon's ghost, weakling NaDe


Innate Abilities, Weirdness & Mutations

You are immune to sickness and miasma.
Your stone body is resilient. (AC +5)
You are immune to poison.
You resist negative energy. (rN+)
You are resistant to electric shocks. (rElec)
You are resistant to unholy torment.
You are immune to petrification.


Message History

The jelly is severely wounded.
The jelly hits you but does no damage. x2; The steam dragon barely misses you. x2
You block the jelly's attack.
You slash the jelly!
You kill the jelly!
You block the steam dragon's attack.
The steam dragon claws you but does no damage.
The jelly hits you but does no damage.
The steam dragon bites you but does no damage.
You block the steam dragon's attack.
You hit the steam dragon but do no damage.
The steam dragon is severely wounded.
The jelly barely misses you. The steam dragon bites you.
You block the steam dragon's attack.
Your chain mail prevents you from hitting the steam dragon.
The steam dragon is severely wounded.
You block the jelly's attack. You block the steam dragon's attack.
The steam dragon barely misses you.
An ogre comes into view. It is wielding a +0 giant club.
The jelly barely misses you.
You slash the steam dragon!
You kill the steam dragon!
The steam dragon scales are intact enough to wear.
The jelly closely misses you.
Your Armour skill increases to level 6!
You hit the jelly.
Your hands burn!
The jelly is lightly wounded.
The jelly hits you but does no damage.
You slash the jelly!
Your hands burn!
The jelly is severely wounded.
The jelly hits you.
You are splashed with acid.
You resist. You block the ogre's attack. The jelly closely misses you.
You barely miss the jelly.
The jelly is heavily wounded.
The ogre hits you with a +0 giant club!
* * * LOW HITPOINT WARNING * * *
The jelly hits you.
* * * LOW HITPOINT WARNING * * *
You are splashed with acid.
You resist.
You die...

,,,,,,,,*****,,,,**********,,,,**
,,,,,,,,,..,,,*,,,,,,,,,,,,,,,,,,
,,,,,,,,,...,,*,,,*,,,,,,,,******
,******,,)..#,*,*,,,,,,...,* ,*
*,*....###,,,,,,....,*
,******,,,#...#.,,*,,.....,* ***
,,,,,,,,,,,#....,*,,,..J..,* *,,
>,,,,,,,***##.>[#####.....,* *,,
*****,,,,,,#....@#.......,,****,,
,,,,**,,,,#...#)OJ#..#*,,,,,,****
,,,,*****...,*##....##*,,,,,,*,,,
,,,,* *#,,*,#.#....#*,,,,,,*,,,
,,,,* **,,,#...##.#*,,,,,,*,,,
,,,,* **,,#...##.##,..,,,*,,,
,,,,* *,.....##..#...,,,*,,,
***** *(#....###.##.#****,,,
#......# #.##.# *,,,


You could see an ogre and a jelly.

Vanquished Creatures
  A steam dragon (D:6)
  A hornet zombie (D:5)
  A necrophage (D:4)
  2 black bears
  A water moccasin zombie (D:5)
  4 scorpions (D:5)
  A howler monkey (D:3)
  3 hounds
  An orc priest (D:4)
  2 jellies
  An iguana (D:4)
  An orc wizard (D:3)
  A hound skeleton (D:4)
  8 adders
  A white imp (D:5)
  An adder skeleton (D:4)
  A dart slug (D:5)
  14 orcs
  5 bats (D:1)
  6 endoplasms
  5 giant cockroaches
  7 goblins
  7 hobgoblins
  6 jackals (D:2)
  7 quokkas
  6 ball pythons
  8 frilled lizards
  A jackal skeleton (D:4)
  7 kobolds
  12 rats
122 creatures vanquished.

Notes
Turn   | Place    | Note
-------+----------+-------------------------------------------
     0 | D:1      | timneilson the Gargoyle Fighter began the quest for the
                  | Orb.
     0 | D:1      | Reached XP level 1. HP: 14/14 MP: 1/1
   314 | D:1      | Reached XP level 2. HP: 19/19 MP: 2/2
   705 | D:1      | Found a faded altar of an unknown god.
   750 | D:1      | Reached XP level 3. HP: 23/23 MP: 3/3
   852 | D:1      | Found Ukheyfum's Armour Emporium.
  1031 | D:2      | Reached XP level 4. HP: 23/28 MP: 4/4
  1914 | D:1      | Bought a +0 kite shield for 54 gold pieces
  2173 | D:3      | Reached XP level 5. HP: 29/33 MP: 5/5
  2220 | D:3      | Reached skill level 1 in Dodging
  2222 | D:3      | Found a glowing golden altar of the Shining One.
  2770 | D:4      | Reached XP level 6. HP: 34/38 MP: 6/6
  2814 | D:4      | Noticed a necrophage
  2833 | D:4      | Killed a necrophage
  2842 | D:4      | Reached skill level 5 in Shields
  3167 | D:4      | Found a runed translucent gate.
  3168 | D:4      | Found a runed translucent gate.
  3169 | D:4      | Found a runed translucent gate.
  3169 | D:4      | Noticed AttackTheMoon's ghost (weakling HuDe)
  3169 | D:4      | Noticed AttackTheMoon's ghost (weakling NaDe)
  3303 | D:4      | Reached XP level 7. HP: 42/43 MP: 7/7
  3380 | D:4      | Reached skill level 5 in Armour
  3728 | D:5      | Entered Level 5 of the Dungeon
  4016 | D:5      | Reached skill level 1 in Evocations
  4022 | D:5      | Found a glowing silver altar of Zin.
  4306 | D:5      | Reached XP level 8. HP: 48/48 MP: 8/8
  4596 | D:5      | Identified the ring of Osyux {rPois Stlth+}
  4738 | D:5      | Identified a scroll of acquirement
  4738 | D:5      | Acquired a +0 crystal plate armour
  4817 | D:6      | Found a staircase to the Ecumenical Temple.
  4834 | D:6      | HP: 1/48 [jelly (3)]
  4834 | D:6      | Splashed by a jelly's acid

Illustrated notes

Levels and vault maps discovered:
D:1:      denvon_arrival_waterhouse, layout_basic,
          hellmonk_ecumenical_altar_arch_garden, serial_shops,
          nicolae_shop_behind_doors
D:2:      layout_loops_ring
D:3:      layout_rooms, tso_metal_star, minmay_fractal_squares_5
D:4:      layout_rooms, gammafunk_ghost_cemetery, chequers_hall_statues_y,
          chequers_garden, minmay_bent
D:5:      layout_loops_ring, nicolae_overflow_crystal_walls
D:6:      layout_basic, minmay_temple_entry_arrows, enter_ossuary_1

Skill      XL: |  1  2  3  4  5  6  7  8 |
---------------+-------------------------+-----
Long Blades    | 2 3 4 |  4.8
Shields        | 4 5 6 |  6.3
Armour         | 4 5 6 |  6.1
Dodging        | 1 2 |  2.3
Fighting       | 4 |  4.9
Evocations     | 1 |  1.9

Action                   |  1- 3 |  4- 6 |  7- 9 || total
-------------------------+-------+-------+-------++-------
Melee: Long sword        |    84 |   116 |       ||   200
       Scimitar          |       |   141 |   154 ||   295
  Use: Scroll            |     2 |     7 |     7 ||    16
       Potion            |       |       |     1 ||     1
Armor: Scale mail        |    67 |   161 |    45 ||   273
       Chain mail        |       |       |    96 ||    96
Dodge: Dodged            |    56 |   129 |    67 ||   252
Block: Buckler           |    28 |    22 |       ||    50
       Kite shield       |       |    76 |    98 ||   174

Table legend: (Time is in decaauts)
 A = Elapsed time spent in this place.
 B = Non-inter-level travel time spent in this place.
 C = Inter-level travel time spent in this place.
 D = Time resting spent in this place.
 E = Time spent auto-exploring this place.
 F = Levels seen in this place.
 G = Mean time per level.
                   A        B        C        D        E       F      G
               +--------+--------+--------+--------+--------+-----+--------+
         Total |   5017 |   4627 |    390 |    194 |   3162 |   6 |  836.2 |
       Dungeon |   5017 |   4627 |    390 |    194 |   3162 |   6 |  836.2 |
               +--------+--------+--------+--------+--------+-----+--------+

Top non-repeatable levels by time:
     D:2: 1197 daAuts
     D:4: 1139 daAuts
     D:1: 1020 daAuts
     D:5: 993 daAuts
     D:3: 635 daAuts
     D:6: 31 daAuts
